 Dungeon Crawl Stone Soup version 0.28-a0-1435-g82390b3a13 (webtiles) character file.

Game seed: 5496445994980379685

126 ytrimaz the Insei (level 5, -3/34 HPs)
             Began as an Octopode Transmuter on Jan 9, 2022.
             Slain by a gnoll (7 damage)
             ... on level 4 of the Dungeon.
             The game lasted 00:05:46 (3400 turns).

ytrimaz the Insei (Octopode Transmuter)             Turns: 3400, Time: 00:05:47

Health: -3/34      AC:  2    Str: 10    XL:     5   Next: 9%
Magic:  7/9        EV: 20    Int: 17    God:
Gold:   60         SH:  0    Dex: 17    Spells: 3/9 levels left

rFire   . . .      SeeInvis .     - Unarmed
rCold   . . .      Faith    .   (shield currently unavailable)
rNeg    . . .      Spirit   .   (helmet currently unavailable)
rPois   x          Reflect  .   (no amulet)
rElec   .          Harm     .   (no ring)
rCorr   .          Rampage  .   (no ring)
Will    .....                   (no ring)
Stlth   ++........              (no ring)
HPRegen 0.11/turn               (no ring)
MPRegen 0.11/turn               (no ring)
                                (no ring)
                                (no ring)

@: spider-form (expiring)
A: venomous fangs, almost no armour, (amphibious), 8 rings, tiny, (camouflage
1), (gelatinous body 1), (nimble swimmer 1), (tentacles)
a: End Transformation


You were on level 4 of the Dungeon.
You were a venomous arachnid creature.
You visited 1 branch of the dungeon, and saw 4 of its levels.

You collected 60 gold pieces.

Inventory:

Scrolls
 b - a scroll of teleportation
Potions
 c - 2 potions of heal wounds
 d - a potion of curing


   Skills:
 * Level 1.8 Fighting
 * Level 2.7 Dodging
 + Level 4.0 Unarmed Combat
 * Level 2.7 Spellcasting
 * Level 2.7 Transmutations


You had 3 spell levels left.
You knew the following spells:

 Your Spells              Type           Power      Damage    Failure   Level
a - Beastly Appendage     Tmut           22%        N/A       17%         1
b - Wereblood             Tmut           11%        N/A       22%         2
c - Spider Form           Tmut/Pois      7%         N/A       52%         3

Your spell library contained the following spells:

 Spells                   Type           Power      Damage    Failure   Level
 Summon Small Mammal      Summ           8%         N/A       38%         1
 Ignite Poison            Fire/Tmut/Pois 5%         N/A       58%         3
 Call Canine Familiar     Summ           2%         N/A       69%         3
 Conjure Flame            Conj/Fire      2%         6-21      69%         3
 Dazzling Flash           Conj/Hex       4%         N/A       69%         3
 Summon Guardian Golem    Hex/Summ       2%         N/A       69%         3
 Ice Form                 Ice/Tmut       7%         N/A       86%         4
 Iskenderun's Mystic Bla  Conj/Tloc      2%         2d3       96%         4
 Sticky Flame             Conj/Fire      2%         2d3       96%         4
 Conjure Ball Lightning   Conj/Air       1%         3x3d6     100%        6
 Starburst                Conj/Fire      1%         6d3       100%        6
 Discord                  Hex            1%         N/A       100%        8
 Disjunction              Tloc           1%         N/A       100%        8


Dungeon Overview and Level Annotations

Branches:
Dungeon (4/15)
 Temple: D:4-7

Altars:
Cheibriados
Dithmenos
Okawaru
Ru


Innate Abilities, Weirdness & Mutations

You are a venomous arachnid creature.
You have poisonous fangs.
You are tiny and dextrous.
Your spellcasting is less reliable in this form.
Your armour is entirely melded.
You are incapable of wielding weapons or throwing items.
You cannot wear most types of armour.
((You are amphibious.))
You can wear up to eight rings at the same time.
((Your skin changes colour to match your surroundings (Stealth+).))
((Your rubbery body absorbs attacks. (AC +1, EV +1)))
((You are camouflaged when in or above water. (Stealth+)))
((You have tentacles for arms and can constrict up to eight enemies at once.))


Message History

Confirm with . or Enter, or press ? or * to list all spells.
The spell is quite dangerous to miscast (30% risk of failure)!
Continue anyway?
You turn into a venomous arachnid creature.
Unknown command.
The gnoll shouts!
You hear a shout!
A gnoll comes into view. It is wielding a +0 whip.
There is a stone staircase leading up here.
The gnoll shouts!
A gnoll comes into view. It is wielding a +0 whip.
The gnoll hits you with a +0 spear.
You hit the gnoll.
The gnoll is poisoned.
The gnoll is lightly wounded.
The gnoll closely misses you.
You completely miss the gnoll.
The gnoll is moderately wounded.
Your transformation is almost over.
The gnoll hits you but does no damage.
You barely miss the gnoll.
The gnoll is moderately wounded.
Found a stone staircase leading down.
The gnoll misses you. The gnoll barely misses you. The gnoll barely misses you.
You hit the gnoll.
The gnoll is poisoned.
The gnoll is moderately wounded.
The gnoll hits you from afar with a +0 spear.
You completely miss the gnoll.
The gnoll is moderately wounded.
The gnoll looks more healthy.
The gnoll hits you with a +0 whip.
The gnoll hits you from afar with a +0 spear.
You hit the gnoll.
The gnoll looks even sicker.
The gnoll is heavily wounded.
The gnoll closely misses you.
The gnoll hits you from afar with a +0 spear!
* * * LOW HITPOINT WARNING * * *
You hit the gnoll but do no damage.
The gnoll looks as sick as possible!
The gnoll is severely wounded.
The gnoll hits you with a +0 whip.
* * * LOW HITPOINT WARNING * * *
The gnoll hits you from afar with a +0 spear!
You die...

### #.. #.#
#.# ####.#
....# #
#.###..##.####
#....s.......
#.###g#######
##g########.##
#.gl.<<.......
#.....l.....#.
#.###.P._.P...
#. #.........
#. #########.
#>


You could see an iguana and 3 gnolls.

Vanquished Creatures
  An iron imp (D:3)
  2 adders
  3 worms (D:2)
  4 dart slugs
  An orc (D:3)
  5 ball pythons
  8 bats
  5 endoplasms
  A giant cockroach (D:2)
  4 goblins
  5 hobgoblins
  3 jackals (D:1)
  A quokka (D:3)
  3 frilled lizards
  3 kobolds
  11 rats
60 creatures vanquished.

Notes
Turn   | Place    | Note
-------+----------+-------------------------------------------
     0 | D:1      | ytrimaz the Octopode Transmuter began the quest for the
                  | Orb.
     0 | D:1      | Reached XP level 1. HP: 13/13 MP: 3/3
   113 | D:1      | Reached XP level 2. HP: 13/18 MP: 1/5
   398 | D:1      | Learned a level 2 spell: Wereblood
   826 | D:1      | Found a faded altar of an unknown god.
   869 | D:1      | Reached XP level 3. HP: 22/23 MP: 6/6
   873 | D:1      | Learned a level 3 spell: Spider Form
  1355 | D:2      | Found a shadowy altar of Dithmenos.
  1653 | D:2      | Reached XP level 4. HP: 28/28 MP: 7/7
  3011 | D:3      | Found a snail-covered altar of Cheibriados.
  3023 | D:3      | Reached skill level 4 in Unarmed Combat
  3023 | D:3      | Reached XP level 5. HP: 26/34 MP: 4/9
  3224 | D:3      | Found a sacrificial altar of Ru.
  3386 | D:4      | Found an iron altar of Okawaru.
  3400 | D:4      | Slain by a gnoll

Illustrated notes

Levels and vault maps discovered:
D:1:      giann_forest_graveyard, layout_basic,
          ebering_ecumenical_altar_abandoned
D:2:      layout_rooms, basic_altar
D:3:      layout_basic, slow_altar_2, nicolae_overflow_crystal_walls
D:4:      layout_loops_ring, marbit_many_paths,
          mainiacjoe_overflow_tiny_flanked, uniq_eustachio

Skill      XL: |  1  2  3  4 |
---------------+-------------+-----
Unarmed Combat | 4 |  4.0
Fighting       | |  1.8
Dodging        | |  2.7
Spellcasting   | |  2.7
Transmutations | |  2.7

Action                   |  1- 3 |  4- 6 || total
-------------------------+-------+-------++-------
Melee: Unarmed           |    84 |    70 ||   154
       Kick              |    14 |    10 ||    24
       Constrict         |    20 |    15 ||    35
       Tentacles         |     9 |    10 ||    19
       Punch             |     1 |     1 ||     2
 Cast: Beastly Appendage |    13 |    12 ||    25
       Spider Form       |       |     2 ||     2
  Use: Scroll            |     2 |     4 ||     6
 Stab: Sleeping          |    11 |     3 ||    14
Armor: Skin              |     3 |     7 ||    10
Dodge: Dodged            |    49 |    50 ||    99

Table legend: (Time is in decaauts)
 A = Elapsed time spent in this place.
 B = Non-inter-level travel time spent in this place.
 C = Inter-level travel time spent in this place.
 D = Time resting spent in this place.
 E = Time spent auto-exploring this place.
 F = Levels seen in this place.
 G = Mean time per level.
                   A        B        C        D        E       F      G
               +--------+--------+--------+--------+--------+-----+--------+
         Total |   3388 |   3326 |     62 |    628 |   2128 |   4 |  847.0 |
       Dungeon |   3388 |   3326 |     62 |    628 |   2128 |   4 |  847.0 |
               +--------+--------+--------+--------+--------+-----+--------+

Top non-repeatable levels by time:
     D:3: 1481 daAuts
     D:1: 1185 daAuts
     D:2: 708 daAuts
     D:4: 13 daAuts
